 Dungeon Crawl Stone Soup version 0.24-a0-769-g368c164 (webtiles) character file.

Game seed: 15459303508539711505, levelgen mode: deterministic

137 BoppinsLewinski the Cudgeler (level 5, 0/44 HPs)
             Began as a Centaur Gladiator on Oct 7, 2019.
             Was a Follower of Uskayaw.
             Killed by divine providence
             ... invoked by an orc priest
              (9 damage)
             ... on level 3 of the Dungeon.
             The game lasted 00:05:50 (2264 turns).

BoppinsLewinski the Cudgeler (Centaur Gladiator)    Turns: 2264, Time: 00:05:50

Health: 0/44       AC:  9    Str: 16    XL:     5   Next: 0%
Magic:  2/5        EV:  5    Int:  7    God:    Uskayaw [*.....]
Gold:   171        SH:  0    Dex: 12    Spells: 4/4 levels left

rFire    . . .     SeeInvis .   a - +0 flail
rCold    . . .     Gourm    .   (no shield)
rNeg     . . .     Faith    .   b - +0 chain mail
rPois    .         Spirit   .   c - +0 helmet
rElec    .         Reflect  .   r - +0 cloak
rCorr    .         Harm     .   (no gloves)
MR       .....                  (no barding)
Stlth    ..........             (no amulet)
HPRegen  0.14/turn              (no ring)
MPRegen  0.09/turn              (no ring)

@: flying, very quick
A: large, hooves 3, blink, deformed body, speed 2, tough skin 3, MP-powered
wands
a: Blink, Stomp, Renounce Religion


You were on level 3 of the Dungeon.
You worshipped Uskayaw.
Uskayaw was noncommittal.
You were hungry.

You visited 1 branch of the dungeon, and saw 3 of its levels.

You collected 171 gold pieces.

Inventory:

Hand Weapons
 a - a +0 flail (weapon)
Missiles
 s - a throwing net (quivered)
Armour
 b - a +0 chain mail (worn)
 c - a +0 helmet (worn)
 r - a +0 cloak (worn)
Jewellery
 o - an uncursed amulet of harm {unknown}
Wands
 q - a wand of flame (12)
 t - a wand of clouds (5)
Scrolls
 d - a scroll of noise {unknown}
 g - 5 scrolls of identify {unknown}
 h - a scroll of enchant weapon {unknown}
 i - 3 scrolls of teleportation {unknown}
 l - a scroll of remove curse {unknown}
 m - a scroll of magic mapping {unknown}
 n - a scroll of immolation {unknown}
Potions
 k - a potion of curing {unknown}
 p - a potion of brilliance {unknown}
 u - a potion of berserk rage {unknown}
Comestibles
 f - 6 rations


   Skills:
 + Level 2.8 Fighting
 * Level 3.8 Maces & Flails
 - Level 2.1 Throwing
 + Level 1.3 Armour
 + Level 2.7 Dodging


You had 4 spell levels left.
You didn't know any spells.
Your spell library was empty.

Dungeon Overview and Level Annotations

Branches:
Dungeon (3/15)

Altars:
Dithmenos
Uskayaw


Innate Abilities, Weirdness & Mutations

You have hooves in place of feet.
Armour fits poorly on your strangely shaped body.
You cover ground very quickly.
You have extremely tough skin. (AC +3)
You can translocate small distances at will.
You expend magic power (3 MP) to strengthen your wands.


Message History

Ye feel very buoyant.
Ye fly up inta tha air.
Tha orc priest hits ye but does nay damage.
Somethin' hits ye but does nay damage.
Tha worm barely misses ye.
Tha orc hits ye from afar wit' a +0 trident!
* * * LOW HITPOINT WARNIN'
* * * It was a potion o' mutation.
Ye feel 'stremely strange.
Ye feel jittery.
Ye feel yer magical 'ssence link ta tha dungeon's wands.
Somethin' hits ye but does nay damage.
Tha orc priest barely misses ye.
Tha orc hits ye but does nay damage.
Tha worm bites ye.
* * * LOW HITPOINT WARNIN'
* * * Ye blink.
Ye be feelin' hungry.
Tha orc priest looks satisfied fer a momn't.
Ye can nay longer pass through a line o' othar dancers.
Found a scroll labeled YSEWNE CEANI.
Tha orc priest calls down tha wrath o' Beogh upon ye.
Beogh smites ye!
Ye die...

#######
##.....##
##......?##
#.........#
#.........#
#.........#
#.........#
#..@......#
#.........#
#.........#
#........?#
#.........#
#....o....#
##.....o.##
######
##...o.##
#.<...
####r.#
#.....


You could see an orc priest and 2 orcs.

Vanquished Creatures
  4 gnolls (D:2)
  3 adders
  An ooze (D:2)
  A worm (D:2)
  3 leopard geckos
  2 orcs (D:3)
  2 giant cockroaches (D:2)
  8 hobgoblins
  5 jackals
  3 quokkas
  A ball python (D:1)
  4 bats
  6 frilled lizards
  9 goblins
  4 kobolds
  4 rats
60 creatures vanquished.

Notes
Turn   | Place    | Note
-------+----------+-------------------------------------------
     0 | D:1      | BoppinsLewinski the Centaur Gladiator began the quest for
                  | the Orb.
     0 | D:1      | Reached XP level 1. HP: 17/17 MP: 1/1
   456 | D:1      | Reached XP level 2. HP: 24/24 MP: 2/2
   787 | D:2      | Reached skill level 3 in Maces & Flails
   845 | D:2      | Reached XP level 3. HP: 14/30 MP: 3/3
  1506 | D:2      | Reached skill level 1 in Armour
  1724 | D:2      | Reached XP level 4. HP: 35/37 MP: 4/4
  1778 | D:2      | Found a shadowy altar of Dithmenos.
  2146 | D:3      | Noticed a +0 hand axe
  2146 | D:3      | Noticed a +0 hand axe
  2149 | D:3      | Found a hide-covered altar of Uskayaw.
  2159 | D:3      | Became a worshipper of Uskayaw the Reveler
  2198 | D:3      | Reached * piety under Uskayaw
  2246 | D:3      | Reached ** piety under Uskayaw
  2254 | D:3      | Reached XP level 5. HP: 37/44 MP: 1/5
  2258 | D:3      | Gained mutation: You can translocate small distances at
                  | will. [potion of mutation]
  2258 | D:3      | Gained mutation: You expend magic power (3 MP) to
                  | strengthen your wands. [potion of mutation]
  2264 | D:3      | Killed from afar by an orc priest

Levels and vault maps discovered:
D:1:      minmay_arrival_stone_box, layout_loops_corners, serial_glass,
          glass_columns_c, glass_columns_a, glass_columns_c, glass_columns_a,
          minivault_4, minmay_misc_feat_rows
D:2:      layout_rooms, nicolae_dithmenos_shadow_blocks, first_ration
D:3:      layout_rooms, dancing_weapons_uskayaw

Skill      XL: |  1  2  3 |
---------------+----------+-----
Maces & Flails | 3 |  3.8
Armour         | 1 |  1.3
Fighting       | |  2.8
Throwing       | |  2.1
Dodging        | |  2.7

Action                   |  1- 3 |  4- 6 || total
-------------------------+-------+-------++-------
Melee: Flail             |    69 |    85 ||   154
       Kick              |    15 |    21 ||    36
Throw: Throwing net      |       |     3 ||     3
Invok: Stomp             |       |     1 ||     1
 Abil: Blink             |       |     1 ||     1
  Use: Potion            |       |     2 ||     2
  Eat: Chunk             |       |     3 ||     3
Armor: Leather armour    |    15 |       ||    15
       Ring mail         |     7 |       ||     7
       Chain mail        |     6 |    67 ||    73
Dodge: Dodged            |    21 |    25 ||    46

Table legend:
 A = Non-vault XP
 B = Vault XP
 C = Vault XP percentage of total XP
 D = Non-vault monster count
 E = Vault monster count
 F = Vault count percentage of total count
                 A         B        C        D         E       F
            +---------+---------+-------+---------+---------+-------
      Total |     196 |       0 |   0.0 |      60 |       0 |   0.0
            +---------+---------+-------+---------+---------+-------
        D:1 |      14 |       0 |   0.0 |       9 |       0 |   0.0
        D:2 |     131 |       0 |   0.0 |      31 |       0 |   0.0
        D:3 |      51 |       0 |   0.0 |      20 |       0 |   0.0
            +---------+---------+-------+---------+---------+-------
